[Event "January 2 Early 2024"]
[Site "https://www.chess.com"]
[Date "2024.01.02"]
[Round "5"]
[White "Navara, David"]
[Black "Tarhan, Adar"]
[Result "1-0"]
[Board "22"]
[TimeControl "180+1"]
[WhiteFideId "309095"]
[BlackFideId "34544712"]
[WhiteElo "2974"]
[BlackElo "2715"]
[WhiteTeam "CZE"]
[BlackTeam "TUR"]
[WhiteClock "0:01:03"]
[BlackClock "0:00:01"]

1. Nf3 Nf6 2. c4 g6 3. Nc3 Bg7 4. e4 O-O 5. d4 c5 6. d5 e6 7. e5 Ng4 8. Ng5 Nxe5 9. f4 f6 10. Nxh7 Kxh7 11. fxe5 fxe5 12. h4 exd5 13. cxd5 d6 14. Bd3 Bf5 15. h5 g5 16. Bxf5+ Rxf5 17. Qd3 e4 18. Qxe4 Bxc3+ 19. bxc3 Qf6 20. Bxg5 Qe5 21. Rh4 Qg3+ 22. Ke2 Qf2+ 23. Kd3 Nd7 24. Be3 c4+ 25. Kd4 Qxh4 26. Qxh4 Nf6 27. Kxc4 Nxd5 28. Bd4 Rc8+ 29. Kb3 Rf4 30. Qg5 1-0

[Event "January 2 Early 2024"]
[Site "https://www.chess.com"]
[Date "2024.01.02"]
[Round "5"]
[White "Drygalov, Andrey"]
[Black "Dyachuk, Artem"]
[Result "1/2-1/2"]
[Board "23"]
[TimeControl "180+1"]
[WhiteFideId "24171735"]
[BlackFideId "34107924"]
[WhiteElo "2947"]
[BlackElo "2712"]
[WhiteTeam "RUS"]
[BlackTeam "UKR"]
[WhiteClock "0:00:07"]
[BlackClock "0:00:04"]

1. e4 e5 2. Nf3 Nc6 3. Bc4 Nf6 4. d3 Bc5 5. O-O d6 6. Re1 h6 7. c3 O-O 8. h3 a6 9. a4 Ba7 10. Nbd2 Ne7 11. Nf1 c6 12. Bb3 Ng6 13. Ng3 Re8 14. d4 exd4 15. cxd4 d5 16. e5 Ne4 17. Nxe4 dxe4 18. Rxe4 Be6 19. Bxe6 Rxe6 20. Qb3 Qd7 21. Re1 Ne7 22. Be3 Rd8 23. d5 Nxd5 24. Bxa7 Rg6 25. Nh4 Rg5 26. Qf3 b6 27. Bxb6 Nxb6 28. Rad1 Nd5 29. g4 Re8 30. Nf5 h5 31. Re4 hxg4 32. hxg4 g6 33. Ne3 Rgxe5 34. Nxd5 cxd5 35. Rxe5 Rxe5 36. Rd4 Qe6 37. Kg2 Kg7 38. b4 Re4 39. Rxe4 dxe4 40. Qc3+ Kh7 41. Qh3+ Kg7 42. Qc3+ Kh7 43. Kh3 Qd5 44. Kg3 Qd6+ 45. Kg2 Qf4 46. Qg3 Qg5 47. Kh3 Qd5 48. Qe3 Qc4 49. Qc5 Qb3+ 50. Kh4 Qxa4 51. Qd5 Qe8 52. Kg5 e3 53. fxe3 Qxe3+ 54. Kf6 Qf4+ 55. Ke7 Qxb4+ 56. Kxf7 Qf4+ 57. Ke8 Qxg4 58. Qb7+ Kh6 59. Qxa6 Qf5 60. Qe2 g5 61. Qh2+ Kg6 62. Qd6+ Kh5 63. Qh2+ Kg6 64. Qd6+ Qf6 65. Qd3+ Kh6 66. Qh3+ Kg7 67. Qd7+ Kg8 68. Qd5+ Kh8 69. Qh1+ Kg7 70. Qb7+ Kg6 71. Qe4+ Qf5 72. Qc6+ Kh5 73. Qh1+ Kg4 74. Qg2+ Kf4 75. Qf2+ Ke5 76. Qc5+ Kf6 77. Qf8+ Kg6 78. Qd6+ 1/2-1/2

[Event "January 2 Early 2024"]
[Site "https://www.chess.com"]
[Date "2024.01.02"]
[Round "5"]
[White "Bok, Benjamin"]
[Black "Mgeladze, Tamaz"]
[Result "1-0"]
[Board "24"]
[TimeControl "180+1"]
[WhiteFideId "1017063"]
[BlackFideId "13601202"]
[WhiteElo "2945"]
[BlackElo "2709"]
[WhiteTeam "NED"]
[BlackTeam "GEO"]
[WhiteClock "0:00:17"]
[BlackClock "0:00:43"]

1. d4 Nf6 2. c4 g6 3. g3 Bg7 4. Bg2 O-O 5. Nc3 d6 6. Nf3 Nc6 7. O-O Rb8 8. b3 a6 9. d5 Na5 10. Bg5 c5 11. dxc6 Nxc6 12. Rc1 Be6 13. Qd2 Qd7 14. Rfd1 h6 15. Bxf6 exf6 16. Qxd6 Qxd6 17. Rxd6 Rfd8 18. Rxd8+ Rxd8 19. Ne1 f5 20. Nd5 Nd4 21. Kf1 b5 22. e3 bxc4 23. bxc4 Nc6 24. Nd3 Na5 25. Nc5 Nxc4 26. Ne7+ Kh7 27. Nxe6 Nd2+ 28. Ke2 fxe6 29. Nc6 Rd6 30. Nd4 Bxd4 31. exd4 Ne4 32. Bxe4 fxe4 33. Rc7+ Kg8 34. Ke3 Rb6 35. Ra7 e5 36. dxe5 Rb4 37. Rxa6 Kf7 38. a4 h5 39. h4 Kg7 40. a5 Ra4 41. Ra7+ Kf8 42. a6 Kg8 43. e6 1-0

[Event "January 2 Early 2024"]
[Site "https://www.chess.com"]
[Date "2024.01.02"]
[Round "5"]
[White "Baskakov, Egor"]
[Black "Mindlin, Alon"]
[Result "1/2-1/2"]
[Board "25"]
[TimeControl "180+1"]
[WhiteFideId "24197866"]
[BlackFideId "2800071"]
[WhiteElo "2939"]
[BlackElo "2693"]
[WhiteTeam "RUS"]
[BlackTeam "ISR"]
[WhiteClock "0:00:07"]
[BlackClock "0:00:24"]

1. e4 e5 2. Nc3 Nf6 3. g3 d5 4. exd5 Nxd5 5. Bg2 Nxc3 6. bxc3 Nc6 7. d3 Bd6 8. Rb1 O-O 9. Ne2 Qd7 10. O-O b6 11. f4 Bb7 12. f5 f6 13. g4 Nd8 14. Ng3 Bxg2 15. Kxg2 Nf7 16. Ne4 Be7 17. Qf3 Rad8 18. h4 Qa4 19. Rf2 Qxa2 20. Rb3 Qa4 21. c4 Bc5 22. Nxc5 bxc5 23. Be3 Nd6 24. Qd5+ Kh8 25. Qxc5 e4 26. Ra3 Qe8 27. Rxa7 exd3 28. cxd3 Nf7 29. Bd4 Nh6 30. Qxc7 Rf7 31. Qf4 Rxa7 32. Bxa7 Rxd3 33. Bd4 Qa8+ 34. Kh2 Rd1 35. Rg2 Qd8 36. Bg1 Nf7 37. g5 Ne5 38. gxf6 gxf6 39. Qh6 Qe7 40. Qf4 Qc7 41. Kh1 Qxc4 42. Qh6 Qf7 43. Rd2 Qb7+ 44. Rg2 Qf7 45. Rd2 Rxd2 46. Qxd2 Qb7+ 47. Qg2 Nf3 48. h5 Qe4 49. h6 Qh4+ 50. Bh2 Qe1+ 51. Bg1 Qxg1+ 52. Qxg1 Nxg1 53. Kxg1 Kg8 54. Kf2 Kf7 55. Ke3 Ke7 56. Ke4 Kd6 57. Kd4 Kc6 58. Kc4 Kd6 59. Kd4 Kc6 60. Kc4 Kd6 61. Kd4 1/2-1/2

[Event "January 2 Early 2024"]
[Site "https://www.chess.com"]
[Date "2024.01.02"]
[Round "5"]
[White "Praggnanandhaa R"]
[Black "Han, Yichen"]
[Result "1-0"]
[Board "26"]
[TimeControl "180+1"]
[WhiteFideId "25059530"]
[BlackFideId "1054430"]
[WhiteElo "2937"]
[BlackElo "2689"]
[WhiteTeam "IND"]
[BlackTeam "NED"]
[WhiteClock "0:00:14"]
[BlackClock "0:00:01"]

1. Nf3 d5 2. g3 Bg4 3. Bg2 Nd7 4. O-O Ngf6 5. h3 Bh5 6. c4 e6 7. cxd5 exd5 8. d3 Be7 9. Nh4 Bg6 10. e4 dxe4 11. Nxg6 hxg6 12. dxe4 O-O 13. Qc2 c6 14. Be3 Qa5 15. Nd2 Rad8 16. Rfd1 Ne5 17. f4 Nd3 18. Nc4 Nb4 19. Qb3 Qc7 20. Qc3 Rxd1+ 21. Rxd1 Rd8 22. Rxd8+ Qxd8 23. a3 Qd1+ 24. Kh2 Nd3 25. Bxa7 Ne1 26. Qd2 Nf3+ 27. Bxf3 Qxf3 28. e5 Ne4 29. Qe3 Qxe3 30. Bxe3 Bc5 31. Bxc5 Nxc5 32. b4 Nd3 33. Na5 c5 34. b5 b6 35. Nc4 Nc1 36. Nxb6 Nb3 37. Nc4 Kf8 38. b6 1-0

[Event "January 2 Early 2024"]
[Site "https://www.chess.com"]
[Date "2024.01.02"]
[Round "5"]
[White "Makhnev, Denis"]
[Black "Agibileg, Uurtsaikh"]
[Result "1-0"]
[Board "27"]
[TimeControl "180+1"]
[WhiteFideId "13707647"]
[BlackFideId "4901606"]
[WhiteElo "2926"]
[BlackElo "2687"]
[WhiteTeam "KAZ"]
[BlackTeam "MGL"]
[WhiteClock "0:00:15"]
[BlackClock "0:00:00"]

1. d4 Nf6 2. c4 e6 3. Nc3 Bb4 4. e3 d6 5. Ne2 Nc6 6. a3 Bxc3+ 7. Nxc3 O-O 8. Be2 a5 9. O-O Re8 10. b3 e5 11. Bb2 Bf5 12. Re1 Bg6 13. Bf3 Qd7 14. Nd5 Ne4 15. dxe5 Nxe5 16. Be2 c6 17. Nb6 Qf5 18. f3 Rad8 19. fxe4 Qg5 20. Bf3 Nxf3+ 21. Qxf3 Bxe4 22. Qg3 Qh6 23. Re2 Re6 24. Qf4 Qh5 25. Rf2 h6 26. b4 Bg6 27. h3 Re4 28. Qg3 Rde8 29. Re1 R4e6 30. Bd4 Kh7 31. c5 dxc5 32. bxc5 f6 33. Nc4 Be4 34. Nd6 R8e7 35. Rf4 Bd5 36. Nf5 Rd7 37. Qg4 Qe8 38. e4 Bc4 39. Nd6 Rdxd6 40. cxd6 Rxd6 41. e5 fxe5 42. Rxe5 Qd8 43. Qf5+ Rg6 44. Rg4 Qd6 45. Re7 1-0

[Event "January 2 Early 2024"]
[Site "https://www.chess.com"]
[Date "2024.01.02"]
[Round "5"]
[White "Aravindh, Chithambaram VR."]
[Black "Arslanov, Shamil"]
[Result "1-0"]
[Board "28"]
[TimeControl "180+1"]
[WhiteFideId "5072786"]
[BlackFideId "4192826"]
[WhiteElo "2923"]
[BlackElo "2687"]
[WhiteTeam "IND"]
[BlackTeam "RUS"]
[WhiteClock "0:00:11"]
[BlackClock "0:00:02"]

1. b3 e5 2. Bb2 d6 3. e3 f5 4. d4 e4 5. d5 Nf6 6. Nh3 Be7 7. Nf4 O-O 8. h4 Ng4 9. Be2 Bf6 10. Nc3 Ne5 11. Qd2 Na6 12. O-O-O Nc5 13. Nb5 a5 14. Nd4 Bd7 15. a3 Qe8 16. Kb1 b5 17. h5 Qb8 18. h6 g6 19. Nfe6 Re8 20. f4 exf3 21. gxf3 Bxe6 22. dxe6 Qb7 23. Bxb5 c6 24. Be2 Rab8 25. Rhg1 Na4 26. Ba1 d5 27. Nxf5 Rxe6 28. e4 Nc5 29. Nd4 Rd6 30. Qe3 Rdd8 31. f4 Nc4 32. Bxc4 dxc4 33. e5 cxb3 34. cxb3 Rxd4 35. Bxd4 Nxb3 36. Ka2 Nxd4 37. Rb1 Qf7+ 38. e6 Nxe6 39. Rxb8+ Nd8+ 40. Qb3 Kf8 41. Qxf7+ Kxf7 42. Rd1 Ne6 43. Rd7+ Be7 44. Rbb7 Nc5 45. Rxe7+ Kf6 46. Rf7+ Ke6 47. Rbe7+ Kd5 48. Rxh7 Ne6 49. Rhf7 Nc5 50. h7 1-0

[Event "January 2 Early 2024"]
[Site "https://www.chess.com"]
[Date "2024.01.02"]
[Round "5"]
[White "Vasquez Schroeder, Rodrigo"]
[Black "Weetik, Vjacheslav"]
[Result "1-0"]
[Board "29"]
[TimeControl "180+1"]
[WhiteFideId "3400042"]
[BlackFideId "4153472"]
[WhiteElo "2913"]
[BlackElo "2681"]
[WhiteTeam "CHI"]
[BlackTeam "RUS"]
[WhiteClock "0:01:19"]
[BlackClock "0:00:04"]

1. e4 c6 2. Nf3 d5 3. d3 dxe4 4. dxe4 Qxd1+ 5. Kxd1 Nf6 6. Nbd2 Nbd7 7. Ne1 e5 8. Nd3 Bd6 9. f3 O-O 10. Nc4 Bc7 11. a4 b6 12. b3 Rd8 13. Ba3 c5 14. Kc1 Ba6 15. Ne3 Nf8 16. Nb2 Bb7 17. Bc4 Ne6 18. Bxe6 fxe6 19. Nbc4 a6 20. Bb2 Nd7 21. Rd1 b5 22. axb5 axb5 23. Rxa8 Bxa8 24. Nxe5 Nf6 25. Rxd8+ Bxd8 26. c4 bxc4 27. N3xc4 Be7 28. Nd3 Nd7 29. Ba3 Bc6 30. Nce5 Nxe5 31. Nxe5 Bb5 32. Kc2 Bf1 33. g3 h5 34. Kd2 h4 35. gxh4 Bd6 36. Nc4 Bxh2 37. Bxc5 Bg3 38. Be7 Kf7 39. Bg5 Kg6 40. Ke3 Kh5 41. f4 Bxh4 42. Bxh4 Kxh4 43. Ne5 Bb5 44. Nf3+ Kg3 45. Nd4 Bd7 46. e5 Kg4 47. Ke4 g5 48. fxg5 Kxg5 49. b4 Kg6 50. b5 Bc8 51. Nb3 Bb7+ 52. Kd4 Bd5 53. b6 Kf7 54. Nc5 Ke7 55. b7 1-0

[Event "January 2 Early 2024"]
[Site "https://www.chess.com"]
[Date "2024.01.02"]
[Round "5"]
[White "Csonka, Balazs"]
[Black "Pranav Anand"]
[Result "0-1"]
[Board "30"]
[TimeControl "180+1"]
[WhiteFideId "742910"]
[BlackFideId "46626786"]
[WhiteElo "2677"]
[BlackElo "2913"]
[WhiteTeam "HUN"]
[BlackTeam "IND"]
[WhiteClock "0:00:01"]
[BlackClock "0:00:46"]

1. d4 Nf6 2. c4 g6 3. Nc3 Bg7 4. e4 d6 5. Nf3 O-O 6. Be2 Bg4 7. Be3 Nfd7 8. O-O e5 9. d5 a5 10. Ne1 Bxe2 11. Qxe2 Na6 12. Nd3 f5 13. f3 Ndc5 14. Nxc5 dxc5 15. Rad1 b6 16. exf5 gxf5 17. g4 Qd7 18. gxf5 Qxf5 19. Ne4 Kh8 20. Kh1 Rae8 21. Rf2 Nb8 22. Rg1 Nd7 23. Rg5 Qh3 24. Rg3 Qh5 25. Ng5 Nf6 26. Ne6 Rf7 27. Ng5 Rfe7 28. Rh3 Qg6 29. Rg2 Qb1+ 30. Rg1 Qf5 31. Qg2 e4 32. fxe4 Nxe4 33. Nxh7 Kg8 34. Bh6 Nf2+ 35. Qxf2 Qxf2 36. Rhg3 Kxh7 37. Bxg7 Re1 38. Rh3+ Kg8 39. Bd4+ Rxg1# 0-1

[Event "January 2 Early 2024"]
[Site "https://www.chess.com"]
[Date "2024.01.02"]
[Round "5"]
[White "Zhigalko, Sergei"]
[Black "Kuzhylnyi, Oleksandr"]
[Result "1/2-1/2"]
[Board "31"]
[TimeControl "180+1"]
[WhiteFideId "13502956"]
[BlackFideId "34110500"]
[WhiteElo "2906"]
[BlackElo "2664"]
[WhiteTeam "BLR"]
[BlackTeam "UKR"]
[WhiteClock "0:00:03"]
[BlackClock "0:00:14"]

1. e4 e5 2. Nf3 Nc6 3. Bc4 Bc5 4. b4 Bxb4 5. c3 Be7 6. d4 Na5 7. Bd3 d6 8. dxe5 dxe5 9. Nxe5 Nf6 10. O-O O-O 11. Qc2 c6 12. Nd2 Qc7 13. f4 Ng4 14. Nxg4 Bxg4 15. e5 g6 16. Ne4 Rad8 17. Be3 b6 18. Rae1 Qd7 19. Nf2 Bf5 20. Bxf5 Qxf5 21. Qe2 h5 22. Kh1 Rd7 23. g4 hxg4 24. Nxg4 Qe4+ 25. Rf3 Nc4 26. Qg2 Kg7 27. f5 Nxe3 28. f6+ Kg8 29. Rfxe3 Qxg2+ 30. Kxg2 Rd2+ 31. Kh1 Bc5 32. Nh6+ Kh7 33. Rh3 g5 34. Nxf7+ Kg6 35. Nh8+ Kf5 36. Rf3+ Ke6 37. Ng6 Rf7 38. h4 gxh4 39. Nf4+ Kf5 40. Nd3+ Kg4 41. Nxc5 Kxf3 42. e6 Rxf6 43. e7 Kg3 44. e8=Q Rh2+ 45. Kg1 Rg2+ 46. Kh1 Rh2+ 47. Kg1 Rg2+ 48. Kh1 Rh2+ 1/2-1/2

[Event "January 2 Early 2024"]
[Site "https://www.chess.com"]
[Date "2024.01.02"]
[Round "5"]
[White "Bjerre, Jonas Buhl"]
[Black "Iskusnyh, Sergei"]
[Result "1-0"]
[Board "32"]
[TimeControl "180+1"]
[WhiteFideId "1444948"]
[BlackFideId "4120027"]
[WhiteElo "2883"]
[BlackElo "2662"]
[WhiteTeam "DEN"]
[BlackTeam "RUS"]
[WhiteClock "0:00:33"]
[BlackClock "0:00:00"]

1. Nf3 d5 2. g3 Nf6 3. Bg2 c6 4. O-O Bf5 5. d3 e6 6. Nh4 Bg6 7. Nd2 Be7 8. Nxg6 hxg6 9. e4 c5 10. exd5 Nxd5 11. c4 Nb4 12. Bxb7 Nd7 13. Bxa8 Qxa8 14. Qf3 Qd8 15. Qe2 Nc2 16. Rb1 Nd4 17. Qd1 Qa8 18. f4 Nf6 19. Nb3 Nf5 20. Qf3 Qd8 21. Bd2 O-O 22. Rbd1 Qd7 23. Bc3 Qa4 24. Nd2 Rd8 25. a3 Nd7 26. Ne4 Nb6 27. Qf2 Qc6 28. Rfe1 Na4 29. Be5 f6 30. Bc3 Kf7 31. Qf3 Qb6 32. Re2 Nxc3 33. bxc3 Qb3 34. Rde1 Qxa3 35. g4 Nd6 36. Nxd6+ Rxd6 37. Rxe6 Rxe6 38. Rxe6 Qxc3 39. Qd5 1-0

[Event "January 2 Early 2024"]
[Site "https://www.chess.com"]
[Date "2024.01.02"]
[Round "5"]
[White "Yeletsky, Ivan"]
[Black "Domingo Nunez, Alejandro"]
[Result "0-1"]
[Board "33"]
[TimeControl "180+1"]
[WhiteFideId "24180327"]
[BlackFideId "22245561"]
[WhiteElo "2863"]
[BlackElo "2660"]
[WhiteTeam "RUS"]
[BlackTeam "ESP"]
[WhiteClock "0:00:00"]
[BlackClock "0:00:11"]

1. Nf3 Nf6 2. c4 g6 3. Nc3 Bg7 4. e4 d6 5. d4 O-O 6. h3 e5 7. d5 Na6 8. Be3 Nc5 9. Nd2 a5 10. g4 Ne8 11. Rg1 f5 12. gxf5 gxf5 13. Qc2 f4 14. Bxc5 dxc5 15. Be2 Nd6 16. Bg4 Bxg4 17. Rxg4 Kh8 18. O-O-O Rg8 19. Rdg1 Qe7 20. Nf3 Bf6 21. Nb5 Rxg4 22. hxg4 Rg8 23. Nxd6 cxd6 24. Qa4 Qd8 25. a3 Qc8 26. g5 Bd8 27. Rh1 Qg4 28. Qd1 Bxg5 29. Kb1 Bd8 30. Ka2 Qg2 31. Rh2 Qg4 32. Qh1 Qg6 33. Nd2 Rg7 34. Qf3 Qg4 35. Qh1 Qe2 36. f3 Qd3 37. Qd1 b5 38. Qb3 Qxb3+ 39. Kxb3 b4 40. Ka4 Rg1 41. Kb5 Rb1 42. a4 Rxb2 43. Kc6 Be7 44. Kd7 Bf8 45. Ke8 Kg8 46. Rg2+ Bg7 47. Ke7 Rc2 48. Kxd6 b3 49. Kxc5 b2 50. Rg1 Rxd2 51. Kd6 Rc2 52. Rb1 Bf8+ 53. Kxe5 Ba3 54. d6 Kf7 55. Kd5 Rc1 56. Rxb2 Bxb2 57. c5 Ba3 58. c6 Rc5+ 59. Kd4 Rxc6 60. e5 Ke6 0-1

[Event "January 2 Early 2024"]
[Site "https://www.chess.com"]
[Date "2024.01.02"]
[Round "5"]
[White "Tanriverdi, Enes"]
[Black "Durarbayli, Vasif"]
[Result "0-1"]
[Board "34"]
[TimeControl "180+1"]
[WhiteFideId "34543279"]
[BlackFideId "13402935"]
[WhiteElo "2657"]
[BlackElo "2846"]
[WhiteTeam "TUR"]
[BlackTeam "AZE"]
[WhiteClock "0:00:57"]
[BlackClock "0:00:31"]

1. d4 d5 2. Nf3 Nf6 3. c4 c6 4. e3 Bf5 5. Nc3 e6 6. Nh4 Be4 7. f3 Bg6 8. Qb3 Qc7 9. Bd2 Be7 10. cxd5 cxd5 11. Be2 Nc6 12. Rc1 a6 13. g3 Nd7 14. Nxg6 hxg6 15. Kf2 Rc8 16. Kg2 f5 17. Rhd1 Kf7 18. Be1 Nf6 19. Bf2 g5 20. e4 Qd7 21. exf5 exf5 22. Na4 Rcd8 23. Nb6 Qe6 24. Re1 Na5 25. Bd1 Nxb3 26. Rxe6 Nxc1 27. Re3 Nxa2 0-1

[Event "January 2 Early 2024"]
[Site "https://www.chess.com"]
[Date "2024.01.02"]
[Round "5"]
[White "Materia, Marco"]
[Black "Piesik, Piotr"]
[Result "1/2-1/2"]
[Board "35"]
[TimeControl "180+1"]
[WhiteFideId "45150451"]
[BlackFideId "1136194"]
[WhiteElo "2839"]
[BlackElo "2660"]
[WhiteTeam "FRA"]
[BlackTeam "CZE"]
[WhiteClock "0:00:15"]
[BlackClock "0:00:25"]

1. Nf3 g6 2. c4 Bg7 3. d4 d6 4. Nc3 Nd7 5. e4 e5 6. Be2 Ngf6 7. O-O O-O 8. Re1 c6 9. Bf1 exd4 10. Nxd4 Re8 11. Bf4 Ne5 12. Qd2 Qb6 13. Rad1 Bg4 14. Rc1 Rad8 15. Kh1 Be6 16. b3 Nh5 17. Be3 Qa5 18. Bg5 Ra8 19. Nxe6 Rxe6 20. f3 Nd7 21. Be3 Nhf6 22. Ne2 Qxd2 23. Bxd2 Rae8 24. Nf4 R6e7 25. Bb4 Nc5 26. Rcd1 Rd7 27. g3 Rdd8 28. Ba5 b6 29. Bb4 g5 30. Nd3 g4 31. Bxc5 bxc5 32. Kg2 gxf3+ 33. Kxf3 Nd7 34. Bh3 Ne5+ 35. Nxe5 Bxe5 36. Bf5 Bc3 37. Re2 Bd4 38. h4 Re7 39. g4 h6 40. g5 hxg5 41. hxg5 Kg7 42. Rh1 Rh8 43. Rxh8 Kxh8 44. Rh2+ Kg8 45. Kg4 a5 46. Bh7+ Kg7 47. Bf5 Kg8 48. Rg2 Rb7 49. Kh5 Kf8 50. g6 fxg6+ 51. Rxg6 Be5 52. Be6 a4 53. bxa4 Rb4 54. Rh6 Rxa4 55. Rh7 Rxa2 56. Rc7 Re2 57. Rxc6 Rxe4 58. Bd5 Rf4 59. Rc8+ Ke7 60. Rc7+ Kd8 61. Rf7 Rxf7 62. Bxf7 Ke7 63. Bd5 Kf6 64. Kg4 Bd4 65. Kf4 Be5+ 66. Kg4 Bd4 67. Kf4 Be5+ 68. Kg4 1/2-1/2

[Event "January 2 Early 2024"]
[Site "https://www.chess.com"]
[Date "2024.01.02"]
[Round "5"]
[White "Bryakin, Mikhail"]
[Black "Feuerstack, Aljoscha"]
[Result "1-0"]
[Board "36"]
[TimeControl "180+1"]
[WhiteFideId "4165314"]
[BlackFideId "4681932"]
[WhiteElo "2835"]
[BlackElo "2656"]
[WhiteTeam "SRB"]
[BlackTeam "GER"]
[WhiteClock "0:00:16"]
[BlackClock "0:00:00"]

1. e4 c6 2. d4 d5 3. e5 a6 4. Bd3 c5 5. dxc5 Nc6 6. f4 Nh6 7. Nf3 Bf5 8. Be3 e6 9. c3 a5 10. O-O Ng4 11. Bd4 Nxd4 12. cxd4 Ne3 13. Qa4+ Ke7 14. Re1 Nxg2 15. Kxg2 Bxd3 16. Nc3 g6 17. Rad1 Bf5 18. b4 Bh6 19. Kg3 axb4 20. Qxb4 Qa5 21. a3 Qxb4 22. axb4 Ra3 23. Nb5 Rb3 24. Nd6 Rxb4 25. Nxf5+ gxf5 26. Rb1 Rg8+ 27. Kf2 Rxb1 28. Rxb1 Rb8 29. Ke3 Kd7 30. Ne1 Kc7 31. Ra1 Rg8 32. Nf3 Rg2 33. Ra8 Rg4 34. Rh8 Bxf4+ 35. Kf2 h6 36. Rh7 Kc6 37. Rxf7 Bg5 38. h3 Re4 39. Kg3 Be3 40. Re7 Bxd4 41. Rxe6+ Kxc5 42. Re8 Bb2 43. Rc8+ Kb6 44. Re8 d4 45. Nd2 Re2 46. Nc4+ Kc5 47. Na5 d3 48. Kf3 Rxe5 49. Rd8 Kb5 50. Nxb7 Kc4 51. Nd6+ Kc3 52. Rc8+ Kb4 53. Nc4 Re2 54. Ne3 Bd4 55. Rc4+ Kb3 56. Rxd4 Kc3 57. Rd8 d2 58. Kxe2 1-0

[Event "January 2 Early 2024"]
[Site "https://www.chess.com"]
[Date "2024.01.02"]
[Round "5"]
[White "Gokerkan, Cem Kaan"]
[Black "Manelyuk, Daniil"]
[Result "1-0"]
[Board "37"]
[TimeControl "180+1"]
[WhiteFideId "6336760"]
[BlackFideId "44173920"]
[WhiteElo "2829"]
[BlackElo "2742"]
[WhiteTeam "TUR"]
[BlackTeam "RUS"]
[WhiteClock "0:02:17"]
[BlackClock "0:00:00"]

1. e4 c6 2. d4 d5 3. e5 Bf5 4. h4 h5 5. c4 e6 6. Nc3 Bb4 7. a3 Bxc3+ 8. bxc3 dxc4 9. Bxc4 b5 10. Bb3 Nd7 11. a4 Nb6 12. axb5 cxb5 13. Ne2 Ne7 14. O-O O-O 15. Ng3 Bg6 16. Nxh5 Ned5 17. Qg4 1-0

[Event "January 2 Early 2024"]
[Site "https://www.chess.com"]
[Date "2024.01.02"]
[Round "5"]
[White "Manukyan, Sargis A."]
[Black "Boruchovsky, Avital"]
[Result "0-1"]
[Board "38"]
[TimeControl "180+1"]
[WhiteFideId "13303970"]
[BlackFideId "2800055"]
[WhiteElo "2638"]
[BlackElo "2825"]
[WhiteTeam "ARM"]
[BlackTeam "ISR"]
[WhiteClock "0:00:54"]
[BlackClock "0:01:27"]

1. d4 Nf6 2. c4 g6 3. Nc3 Bg7 4. Nf3 O-O 5. h3 d6 6. Bf4 c5 7. d5 a6 8. e3 b5 9. cxb5 axb5 10. Bxb5 Ba6 11. Bxa6 Nxa6 12. O-O Qb6 13. Qc2 Rfb8 14. Rfb1 Nb4 15. Qd2 Qa6 16. e4 Qd3 17. Bh6 Qxd2 18. Bxd2 Nc2 19. Bc1 Nd7 20. Nd1 Nb6 21. Nd2 Na4 22. Nc4 Nxa1 23. Rxa1 Rb4 24. Nde3 Nxb2 25. Bxb2 Bxb2 26. Re1 Rxa2 27. Kh2 Bd4 28. f3 Bxe3 29. Nxe3 Rbb2 30. Kg3 Re2 31. Rxe2 Rxe2 32. Nc4 g5 33. f4 gxf4+ 34. Kf3 Rc2 35. Na5 Kg7 36. Nc6 Kf6 37. Na5 Kg5 38. Nc6 Rc3+ 39. Kf2 Kf6 40. Nb8 Ke5 41. Nc6+ Kxe4 42. Nxe7 Rc2+ 43. Kg1 c4 44. Nc8 Kxd5 0-1

[Event "January 2 Early 2024"]
[Site "https://www.chess.com"]
[Date "2024.01.02"]
[Round "5"]
[White "Narayanan, Srinath"]
[Black "Domingo Nunez, Ruben"]
[Result "1-0"]
[Board "39"]
[TimeControl "180+1"]
[WhiteFideId "5018420"]
[BlackFideId "22245570"]
[WhiteElo "2824"]
[BlackElo "2633"]
[WhiteTeam "IND"]
[BlackTeam "ESP"]
[WhiteClock "0:00:06"]
[BlackClock "0:00:00"]

1. d4 g6 2. c4 Bg7 3. Nf3 d6 4. g3 Nd7 5. Bg2 Ngf6 6. O-O O-O 7. Nc3 c5 8. b3 Rb8 9. Bb2 a6 10. dxc5 Nxc5 11. Nd4 Bd7 12. Rc1 b5 13. cxb5 axb5 14. Nc6 Bxc6 15. Bxc6 Qa5 16. Nd5 Nxd5 17. Bxg7 Kxg7 18. Bxd5 Qb4 19. Rc2 Rfc8 20. Qa1+ Kg8 21. Rfc1 Rd8 22. a3 Qg4 23. b4 Ne6 24. Bf3 Qf5 25. h4 h5 26. Rd2 Ng7 27. Kg2 Qd7 28. Rdc2 Ne6 29. Qc3 d5 30. Qe5 Rb6 31. g4 hxg4 32. Bxg4 Qd6 33. Qxd6 Rdxd6 34. Rc8+ Kg7 35. Re8 Kf6 36. Rc3 Nf4+ 37. Kg3 e5 38. Rc7 Ne6 39. Ra7 Ng7 40. Rf8 Nh5+ 41. Bxh5 gxh5 42. Raxf7+ Kg6 43. Re7 Ra6 44. Rxe5 Rxa3+ 45. e3 Kg7 46. Rff5 Rg6+ 47. Rg5 Kf6 48. Rf5+ Ke6 49. Re5+ Kd6 50. Rxd5+ 1-0

[Event "January 2 Early 2024"]
[Site "https://www.chess.com"]
[Date "2024.01.02"]
[Round "5"]
[White "Van Foreest, Lucas"]
[Black "Al-Tarboush, Ward"]
[Result "1-0"]
[Board "40"]
[TimeControl "180+1"]
[WhiteFideId "1039792"]
[BlackFideId "7601450"]
[WhiteElo "2822"]
[BlackElo "2631"]
[WhiteTeam "NED"]
[BlackTeam "NOR"]
[WhiteClock "0:01:39"]
[BlackClock "0:01:09"]

1. e4 e6 2. Qg4 Nf6 3. Qh4 e5 4. Nf3 d6 5. Bc4 Be6 6. Bxe6 fxe6 7. d3 Be7 8. Qh3 Qd7 9. Ng5 h6 10. Nxe6 Rg8 11. f4 g6 12. O-O Nc6 13. Nc3 Nd4 14. Nxd4 Qxh3 15. gxh3 exd4 16. Nb5 O-O-O 17. Nxd4 d5 18. e5 Bc5 19. Be3 Nh5 20. Rae1 g5 21. f5 Nf4 22. Kh1 Nxh3 23. Ne6 Bxe3 24. Rxe3 Rde8 25. Rxh3 1-0

[Event "January 2 Early 2024"]
[Site "https://www.chess.com"]
[Date "2024.01.02"]
[Round "5"]
[White "Lima, Kleyton Alcantara"]
[Black "Moskalenko, Alexander"]
[Result "0-1"]
[Board "41"]
[TimeControl "180+1"]
[WhiteFideId "22718397"]
[BlackFideId "4155351"]
[WhiteElo "2610"]
[BlackElo "2819"]
[WhiteTeam "BRA"]
[BlackTeam "RUS"]
[WhiteClock "0:00:29"]
[BlackClock "0:01:27"]

1. e4 c5 2. Nf3 d6 3. d4 cxd4 4. Nxd4 Nf6 5. Nc3 a6 6. Bg5 e6 7. f4 h6 8. Bh4 Qb6 9. a3 Nc6 10. Bf2 Qc7 11. Qf3 Be7 12. O-O-O g5 13. Nxc6 bxc6 14. e5 Nd5 15. exd6 Qxd6 16. g3 gxf4 17. Ne4 Qc7 18. Bd4 e5 19. Bc5 h5 20. h3 f5 21. Bxe7 fxe4 22. Qxe4 Qxe7 23. gxf4 Qf6 24. Kb1 Rb8 25. Ka1 Bf5 26. Qc4 Ne3 27. fxe5 Qh6 0-1

[Event "January 2 Early 2024"]
[Site "https://www.chess.com"]
[Date "2024.01.02"]
[Round "5"]
[White "Kuzmin, Roman"]
[Black "Klukin, Kirill"]
[Result "0-1"]
[Board "42"]
[TimeControl "180+1"]
[WhiteFideId "44134932"]
[BlackFideId "24199273"]
[WhiteElo "2609"]
[BlackElo "2817"]
[WhiteTeam "RUS"]
[BlackTeam "RUS"]
[WhiteClock "0:01:02"]
[BlackClock "0:00:37"]

1. e4 c5 2. Nf3 g6 3. d4 cxd4 4. Nxd4 Bg7 5. Nc3 Nc6 6. Be3 Nf6 7. Nxc6 bxc6 8. e5 Ng8 9. Bd4 Qa5 10. Bc4 Bxe5 11. O-O Nh6 12. Re1 Bxd4 13. Qxd4 O-O 14. Rxe7 Nf5 15. Bxf7+ Rxf7 16. Re8+ Rf8 17. Rxf8+ Kxf8 18. Qf6+ Kg8 19. g4 Ng7 20. Re1 Ne6 21. f4 Bb7 22. f5 Rf8 23. Qe7 Qb6+ 24. Kg2 gxf5 25. Qxd7 c5+ 26. Kh3 Ng5+ 27. Kg3 f4+ 28. Kf2 c4+ 29. Kf1 Qc6 30. Qe7 Qg2# 0-1